[Event "Romanian-ch Youth Open U20 2024"]
[Site "Eforie Nord"]
[Date "2024.04.17"]
[Round "7.4"]
[White "Coca, Cristi-Iulian"]
[Black "Covaciu, Alexandru-Marian"]
[Result "1-0"]
[ECO "B15"]
[WhiteElo "2235"]
[BlackElo "1631"]
[Annotator "TA"]
[PlyCount "91"]
[EventDate "2024.04.10"]
[EventType "swiss"]
[EventCountry "ROU"]
[SourceTitle "playchess.com"]
[Source "ChessBase"]
[SourceQuality "1"]
[TimeControl "5400+30"]

1. e4 c6 2. d4 d5 3. Nc3 dxe4 4. Nxe4 Nf6 5. Nxf6+ exf6 6. c3 Bd6 7. Bd3 O-O 8. Qc2 g6 9. Ne2 Be6 10. Be3 a5 11. O-O {[%emt 0:01:00] White is slightly better.} Qc7 12. h3 Nd7 13. c4 Rfe8 14. Nc3 Nb6 {[%emt 0:10:49] [#]} (14... Rad8 $14) 15. Ne4 (15. d5 $1 $16 {Ne4 is the strong threat.} Bc8 (15... cxd5 $2 {loses.} 16. Nb5 $18) 16. Rae1 Rxe3 17. Rxe3) 15... Be7 $14 16. Nd2 ({Better is} 16. Rad1 $14) 16... f5 {[%emt 0:03:49] White must now prevent ...f4.} 17. f4 (17. Nf3 $14) 17... Bf6 18. Rfe1 (18. Bf2 $11) 18... a4 (18... c5 $1 $15 19. dxc5 Nd7) 19. Nf3 $11 a3 20. b3 Nd7 21. Rad1 Rac8 22. Qf2 Be7 23. Ne5 Nxe5 24. fxe5 Qd8 25. Be2 {[%emt 0:09:05][%cal Od4d5] d5! would now be deadly.} Bb4 26. Rf1 Qe7 27. Qg3 Qc7 28. Kh1 Rcd8 29. Bf3 (29. Bf4 $14) 29... Bc3 $2 (29... f6 $1 $11 {and Black is okay.}) 30. Qh4 $18 Bb4 31. c5 f6 32. Qxf6 Qf7 {[%emt 0:00:25] [#] Hoping for ...Qxf6.} 33. Qh4 {[%emt 0:01:18][%cal Od4d5] White is more active.} Bd5 34. Be2 Be4 (34... Rd7 $142 35. Rc1 b6) 35. Qxe4 fxe4 36. Bc4 $1 Qxc4 37. bxc4 Rf8 $2 (37... Ba5 38. Rc1 b6) 38. Rxf8+ Kxf8 {[%emt 0:00:14][%mdl 4096] Endgame. KRB-KRB} 39. d5 cxd5 40. cxd5 {[%emt 0:00:05] Threatens to win with e6.} Ke8 41. e6 Ba5 42. d6 {[%emt 0:00:16] Strongly threatening Bh6.} Ra8 43. Bg5 {[%emt 0:00:28] White mates.} Bd8 44. d7+ Kf8 45. Rf1+ Kg8 46. e7 {[%emt 0:00:07] Weighted Error Value: White=0.18 (very precise) /Black=0.49.  Loses game:     	---       	Black=1      Mistake:       	White=5     	Black=4      Inaccurate:     	White=4     	Black=4      OK:         	White=13    	Black=6      Best:        	White=1     	---        Strong:       	White=1     	---} 1-0

[Event "Romanian-ch Youth Open U20 2024"]
[Site "Eforie Nord"]
[Date "2024.04.18"]
[Round "8.1"]
[White "Tudor, Henry Edward"]
[Black "Coca, Cristi-Iulian"]
[Result "1-0"]
[ECO "E65"]
[WhiteElo "2279"]
[BlackElo "2235"]
[Annotator "TA"]
[PlyCount "89"]
[EventDate "2024.04.10"]
[EventType "swiss"]
[EventCountry "ROU"]
[SourceTitle "playchess.com"]
[Source "ChessBase"]
[SourceQuality "1"]
[TimeControl "5400+30"]

1. Nf3 Nf6 2. b3 d6 3. d4 c5 4. g3 Nbd7 5. Bg2 g6 6. O-O Bg7 7. Bb2 O-O 8. c4 a6 9. Nc3 Rb8 10. a4 cxd4 11. Nxd4 Nc5 12. Rb1 ({Better is} 12. b4 $14 Ne6 13. Nb3) 12... Bd7 {[%emt 1:06:02] The position is equal.} 13. e4 Qc8 (13... e5 $11 {might be stronger.} 14. Nde2 Qc7) 14. Re1 Bh3 15. Bh1 Ne6 (15... Re8 $11) 16. Nc2 $16 Bg4 17. f3 (17. Qd2 {simplifies} Re8 18. Nd5 Nxd5 19. exd5 Bxb2 20. dxe6 Be5 21. exf7+ Kxf7 22. Ne3) 17... Qc5+ {[%emt 0:00:00] Black cannot hold the game after this.} (17... Bh3 $14) 18. Kg2 $18 Bh5 {[%emt 0:00:00] [#]} 19. Nd5 $1 g5 (19... Nxd5 $142 20. exd5 Bxb2) 20. Nxe7+ Kh8 21. Nd4 {[%emt 0:02:21] Active counter play!} (21. Nf5 $142 Nd7 22. Nxg7 (22. Nxd6 Bxb2 23. Rxb2 Ne5 $16) 22... Nxg7 23. Ba3) 21... Rbe8 (21... Nd7 {might work better.}) 22. Nef5 g4 (22... Bg6 $142 23. Qd2 Bxf5) 23. f4 Bg6 24. Nxe6 fxe6 25. Qxd6 (25. Nxd6 Rd8 26. e5 Ne4 $11) 25... Qa5 (25... Qxd6 $142 26. Nxd6 Rb8) 26. Nxg7 Rd8 27. Qe5 Qd2+ 28. Kg1 Kxg7 29. Bc3 Qd3 30. Rb2 Qd7 31. Rd2 Qe7 32. Rxd8 Rxd8 33. Qxf6+ (33. f5 $142) 33... Qxf6 34. Bxf6+ Kxf6 {[%emt 0:00:04][%mdl 4096] Endgame. KRB-KRB} 35. e5+ Ke7 36. Bxb7 Rb8 $2 (36... a5 37. c5 Rd2) 37. Bxa6 {[%emt 0:00:04] White is clearly winning.} Rxb3 38. Bb5 Kd8 39. a5 Kc7 40. a6 Kb6 41. Rd1 Be4 42. Kf2 h5 43. Rd6+ Kc5 44. a7 h4 {[%emt 0:00:59] [#]} 45. Bc6 $1 {[%emt 0:00:31][%mdl 512] Weighted Error Value: White=0.54/Black=0.96.  Mistake:       	White=2     	Black=8      Inaccurate:     	White=2     	Black=2      OK:         	White=9     	Black=4      Best:        	White=2     	Black=1      Strong:       	White=1     	---} 1-0

[Event "Romanian-ch Youth Open U20 2024"]
[Site "Eforie Nord"]
[Date "2024.04.18"]
[Round "8.2"]
[White "Mazilu, Stefan Fabian"]
[Black "Antonica, Dragos-Andrei"]
[Result "1-0"]
[ECO "B12"]
[WhiteElo "1994"]
[BlackElo "2317"]
[Annotator "TA"]
[PlyCount "153"]
[EventDate "2024.04.10"]
[EventType "swiss"]
[EventCountry "ROU"]
[SourceTitle "playchess.com"]
[Source "ChessBase"]
[SourceQuality "1"]
[TimeControl "5400+30"]

1. e4 c6 2. d4 d5 3. f3 e6 4. Nc3 Nf6 5. Be3 Bb4 6. e5 Nfd7 7. a3 Be7 8. f4 {[%emt 0:05:50] White is slightly better.} c5 9. Nf3 Nc6 10. Qd2 b6 11. Bd3 g6 ({Black should try} 11... O-O $11) 12. O-O (12. Be2 $14) 12... Bb7 13. b3 cxd4 14. Nxd4 Nc5 15. Bb5 Rc8 16. b4 {[%emt 0:01:45] And now f5 would win.} Nd7 17. Nce2 Ndb8 18. c3 Qd7 19. Bd3 Nxd4 20. Nxd4 Nc6 21. Rae1 Nxd4 22. Bxd4 Rg8 23. g4 Bc6 24. Qe2 Kd8 25. Kh1 Kc7 26. Rf3 (26. a4 $16) 26... Rg7 (26... Kb8 $14) 27. f5 $16 gxf5 28. gxf5 Bh4 29. f6 (29. Ref1 h5 30. b5 Bb7) 29... Rg4 30. Rg1 Rcg8 (30... Re4 $16) 31. Rxg4 $18 (31. Bxh7 Rxg1+ 32. Bxg1 Bb5 $16) 31... Rxg4 32. Rf1 (32. Bxh7 Bb5 33. Bd3 Bxd3 34. Rxd3 (34. Qxd3 Qe8 $18) 34... Re4 $16) (32. b5 $1 $18 ) 32... h5 $16 33. Rg1 Qe8 (33... Qc8 $16 34. b5 (34. Rxg4 hxg4 35. Qxg4 Qh8 $16) 34... Bb7) 34. Rxg4 hxg4 35. Qxg4 ({White has to play} 35. b5 $1 $18 Bd7 36. Qxg4) 35... Qh8 36. Kg2 Qh6 37. b5 Bb7 (37... Bd7 $16) 38. a4 $2 (38. Be2 $1 $18 {is more deadly.}) 38... Be1 (38... Bc8 $16) 39. Be2 Bxc3 $2 40. Qg7 $18 (40. Bxc3 d4+ 41. Bf3 dxc3 42. Qc4+ Kb8 43. Bxb7 (43. Qxc3 Qg5+ 44. Kh3 Qh6+ 45. Kg3 Bxf3 $11) 43... Qd2+ 44. Kf3 Qd1+ 45. Kf2 (45. Kf4 Qc1+ 46. Kg3 Qe1+ 47. Kg2 Qd2+ 48. Kf1 Qc1+ 49. Kf2 Qd2+ 50. Qe2 Qd4+ 51. Kf1 Qf4+ 52. Ke1 Qh4+ 53. Kf1 Qf4+ 54. Bf3 c2 $11) 45... Qd2+ 46. Qe2 Qd4+ 47. Kf1 Qf4+ (47... Kxb7 48. Qg2+ Kc7 49. Qc6+ Kd8 50. Qa8+ Kc7 51. Qc6+ Kd8 52. Qa8+ Kc7 53. Qxa7+ Kc8 54. Qa8+ Kc7 55. Qc6+ Kd8 56. a5 $11) 48. Bf3 c2 49. Qxc2 Qxf3+ 50. Kg1 Qd5 $11 (50... Qe3+ 51. Qf2 $11)) 40... Qd2 41. Qxf7+ Kb8 42. Qf8+ Bc8 {[%emt 0:00:55] Hoping for ...Bb4.} 43. Qd6+ Kb7 $2 (43... Ka8) 44. Qc6+ (44. Bxc3 $142 Qxe2+ 45. Kg3) 44... Kb8 45. Qxc3 Qxe2+ {[%emt 0:00:02][%mdl 4096] Endgame. KQB-KQB} 46. Kg3 {[%emt 0:00:11] Intending f7 and mate.} Qe4 $2 (46... Qh5 47. Qf3 Qg6+ 48. Qg4 Qh7) 47. Qe3 $2 {[%emt 0:00:30] Active counter play!} (47. a5 $18 Qg6+ 48. Kf2) 47... Qg6+ $16 48. Kf2 {[%emt 0:00:21] Strongly threatening Qf4.} Bd7 49. h4 Be8 50. Qf4 {[%emt 0:00:30] Prevents Qg4} Qc2+ (50... Kb7 $16 51. Kf3 Kc8) 51. Kg3 $18 Bf7 (51... Qxa4 $16 {keeps fighting.} 52. Bf2 (52. f7 Bxf7 53. Qxf7 Qxd4 $16) 52... Qc2 (52... Qxf4+ $2 53. Kxf4 a5 54. bxa6 $18)) 52. Be3 $36 {[%emt 0:00:18][%mdl 2048] aiming for Qh6. Keeping Black busy.} Qd1 (52... Qb2 {might work better.} 53. h5 Bxh5) 53. Qb4 (53. Bf2 $18) 53... Bh5 $16 54. Qf4 {[%emt 0:00:46] Against Qf3+} (54. Qd4 $1 $16 Qf3+ 55. Kh2) 54... Bf7 $1 $18 55. Bf2 Qd3+ $2 (55... Kc8 {was necessary.} 56. Kg2 Qh5) 56. Kg2 (56. Qe3 $142 Qg6+ 57. Kh2) 56... Qg6+ 57. Kh2 Qc2 58. Qd4 Qa2 59. Kg3 {[%emt 0:00:10] Qb4 would now be deadly.} Bh5 60. Qf4 Qb3+ $2 (60... Kc8 61. Kh2 (61. f7 Qa3+ 62. Qe3 Qe7 $14) 61... Bf7) 61. Be3 $2 (61. Kh2 $18 {and the rest is easy. f7 would kill now.} Qa3 62. a5) 61... Bf7 (61... Kc8 $16 {is a better defense.} 62. Kh2 Qc2+ 63. Bf2 Bf7) 62. Qd4 Qa3 63. Kf4 Qa2 64. Bf2 $1 Qc2 65. a5 Qf5+ $2 (65... Bh5 66. Kg3 (66. axb6 Qg6 $11) 66... Qg6+ 67. Kh2 Bf3) 66. Kg3 Kc8 67. axb6 axb6 68. Qxb6 (68. Qc3+ $142 Kb8 69. Bxb6 Qd3+ 70. Qxd3 Kb7 71. Qd4 Bh5 72. Qc5 Bg6 73. Qc7+ Ka8 74. Qc8#) 68... Qxe5+ 69. Kg2 {[%emt 0:00:13] White wants to mate with Qa6+.} Qxf6 70. Qc6+ Kd8 71. Bb6+ Ke7 {[%emt 0:00:00] [#]} 72. Bc5+ $2 (72. Qc5+ $1 {mates} Kd7 73. Qc7+ Ke8 74. Qc8+ Ke7 75. Qd8#) 72... Kd8 $16 73. Qa8+ Kd7 74. Qb7+ Ke8 75. Qc6+ Kd8 76. Bb6+ $2 (76. Qd6+ $16 Kc8 77. Qc6+ Kd8) 76... Ke7 {[%emt 0:00:11][%cal Of6f4] [#]} 77. Qc5+ $1 {[%emt 0:00:04] Weighted Error Value: White=0.46/Black=0.51.  Loses game:     	---       	Black=3      Missed win:     	White=3     	---        Mistake:       	White=9     	Black=13     Inaccurate:     	White=2     	Black=5      OK:         	White=16    	Black=12     Best:        	White=4     	Black=8      Strong:       	White=2     	Black=1} 1-0

[Event "Romanian-ch Youth Open U20 2024"]
[Site "Eforie Nord"]
[Date "2024.04.18"]
[Round "8.3"]
[White "Serban, Cristian-Stefan"]
[Black "Prisacaru, Stefan-Emilian"]
[Result "1-0"]
[ECO "E05"]
[WhiteElo "2282"]
[BlackElo "2286"]
[Annotator "TA"]
[PlyCount "87"]
[EventDate "2024.04.10"]
[EventType "swiss"]
[EventCountry "ROU"]
[SourceTitle "playchess.com"]
[Source "ChessBase"]
[SourceQuality "1"]
[TimeControl "5400+30"]

1. d4 d5 2. c4 e6 3. Nf3 Nf6 4. g3 Be7 5. Bg2 O-O 6. O-O dxc4 7. Qc2 b5 8. a4 b4 9. Nfd2 Nd5 10. Nxc4 {[%emt 0:00:10] The position is equal.} (10. Qxc4 Ba6 11. Qc2 c5 (11... Bxe2 12. Re1 $17) 12. dxc5 Nd7 $17) 10... c5 11. dxc5 Bxc5 (11... Ba6 $11) 12. e4 $1 $14 Nb6 13. Rd1 N8d7 $1 14. Nxb6 axb6 15. Nd2 Ba6 16. Nb3 Be7 17. Be3 {[%emt 0:13:13] And now Rd2 would win.} Rc8 18. Qb1 Bc4 19. Nd4 Bc5 20. b3 Ba6 21. Ra2 Qe7 22. Rad2 Ne5 {[%emt 0:18:04] Prevents Nc6} 23. h3 {[%emt 0:01:13] Repels Ng4} Qa7 ({Better is} 23... h5 $11) 24. Qa1 {[%emt 0:04:25][%cal Od4e6] Black must now prevent Nxe6!} Nc6 $2 {[%emt 0:15:25][%mdl 8192] [#] Black cannot hold the game after this.} (24... Qe7 $14) 25. Nxe6 $1 $18 fxe6 26. Rd7 Rf7 27. Rxa7 Rxa7 28. Rc1 Bxe3 29. fxe3 Rac7 30. Bf1 Bxf1 31. Kxf1 ({Less strong is} 31. Rxf1 h6 32. Qd1 Rd8 $18) 31... Na5 32. Rxc7 Rxc7 {[%emt 0:00:01][%mdl 4096] Endgame. KQ-KRN} 33. Qd4 {[%emt 0:02:11] [#] Threatening mate with Qd8+.} Rc1+ 34. Ke2 Nxb3 35. Qxb4 Rb1 36. Qe7 (36. Qxb6 $2 {perishes.} Nc1+ 37. Kd2 Rxb6 $19) 36... Rb2+ 37. Kf3 h6 38. Qxe6+ Kh7 39. Qf5+ (39. Qxb6 $2 {loses.} Nd2+ 40. Ke2 Rxb6 $19) 39... Kg8 40. Qc8+ Kh7 41. Qc3 Nd2+ 42. Ke2 Ra2 43. Qxd2 Rxd2+ 44. Kxd2 {[%emt 0:00:02] Weighted Error Value: White=0.06 (flawless) /Black=0.56.  Loses game:     	---       	Black=1      Mistake:       	---       	Black=2      Inaccurate:     	White=1     	---        OK:         	White=14    	Black=12     Best:        	---       	Black=1      Strong:       	White=1     	Black=1      Brilliant:      	White=1     	---} 1-0

[Event "Romanian-ch Youth Open U20 2024"]
[Site "Eforie Nord"]
[Date "2024.04.18"]
[Round "8.4"]
[White "Korcsek, Alexandru-David"]
[Black "Tudoroiu, Razvan-Catalin"]
[Result "0-1"]
[ECO "B22"]
[WhiteElo "2022"]
[BlackElo "2004"]
[Annotator "TA"]
[PlyCount "46"]
[EventDate "2024.04.10"]
[EventType "swiss"]
[EventCountry "ROU"]
[SourceTitle "playchess.com"]
[Source "ChessBase"]
[SourceQuality "1"]
[TimeControl "5400+30"]

1. e4 c5 2. c3 d5 3. exd5 Qxd5 4. d4 Nc6 5. Nf3 Bf5 6. Be3 Nf6 7. Na3 {[%emt 0:00:05] Black must now prevent Bc4.} cxd4 8. Bc4 Qd7 {[%emt 0:03:05] White is slightly better.} 9. Nxd4 Be4 10. Qb3 (10. Ndb5 $16 {And now Qxd7+ would win.} a6 11. Qxd7+ Kxd7 12. Rd1+ Kc8 13. Nd4 Bxg2 14. Rg1) 10... e6 (10... Bd5 $11) 11. O-O-O (11. Nxe6 $1 $16 Bxa3 (11... fxe6 12. Bxe6 Qe7 13. O-O-O $18) 12. Nxg7+ Kf8 13. Bh6 (13. Qxa3+ $2 Kxg7 14. Qc5 Qf5 $19)) 11... Bd5 12. Bxd5 Nxd5 13. Nxc6 Qxc6 14. Bd4 Bxa3 15. Qxa3 f6 16. Rhe1 ({Reject} 16. Bxa7 b6 17. Rxd5 Qxd5 $17) (16. Qc5 {simplifies} Qxc5 17. Bxc5 b6 18. Be3) 16... Kf7 (16... a5 {simplifies} 17. Qc5 Qxc5 18. Bxc5 Kf7) 17. g4 (17. Qc5 {simplifies} Qxc5 18. Bxc5 Rhc8 19. Be3) 17... Rhc8 (17... a5 $15) 18. h4 $2 ({White should try} 18. g5 $11) 18... b5 $1 $17 19. Kb1 {[%emt 0:00:34][%cal Og4g5] [#]} a5 $1 {[%emt 0:02:43] ...b4 would now be deadly.} 20. g5 {[%emt 0:12:19] [#]} (20. Rc1 $17) 20... b4 $1 $19 21. cxb4 (21. Qb3 $19 bxc3 22. Rc1) 21... Qc2+ {[%emt 0:00:09] Black mates.} 22. Ka1 axb4 (22... Nxb4 23. Qf3 Qa4 24. a3 Nc2+ 25. Ka2 Nxe1 (25... Nxd4 26. Qb7+ Kf8 27. gxf6 $11) 26. Qb7+ Kg8 27. gxf6 Qc4+ (27... Qxd1 28. Qxg7#) 28. Kb1 $15) 23. Qd3 {[%emt 0:00:21] [#]} Rxa2+ $3 {[%emt 0:00:24][%mdl 512] Weighted Error Value: White=0.63/Black=0.12 (very precise) .  Mistake:       	White=5     	Black=2      Inaccurate:     	White=2     	Black=1      OK:         	White=4     	Black=3      Best:        	White=1     	Black=1      Strong:       	---       	Black=3} 0-1

[Event "Romanian-ch Youth Open U20 2024"]
[Site "Eforie Nord"]
[Date "2024.04.19"]
[Round "9.1"]
[White "Antal, Hunor-Zoltan"]
[Black "Tudor, Henry Edward"]
[Result "0-1"]
[ECO "E52"]
[WhiteElo "2301"]
[BlackElo "2279"]
[Annotator "TA"]
[PlyCount "100"]
[EventDate "2024.04.10"]
[EventType "swiss"]
[EventCountry "ROU"]
[SourceTitle "playchess.com"]
[Source "ChessBase"]
[SourceQuality "1"]
[TimeControl "5400+30"]

1. d4 Nf6 2. c4 e6 3. Nc3 Bb4 4. Bd2 O-O 5. Nf3 d5 6. e3 b6 7. cxd5 exd5 8. Bd3 Bb7 9. O-O a6 10. Ne5 {[%emt 0:00:22] E52: Nimzo-Indian: Rubinstein: 4...0-0 5 Nf3 d5 6 Bd3 b6.} Bd6 11. f4 c5 12. Be1 Nc6 13. Ne2 $146 ({Predecessor:} 13. Bf2 b5 14. Rc1 c4 15. Bb1 b4 16. Ne2 a5 17. Bh4 Be7 18. Ng3 Ne8 19. Bxe7 Nxe7 {0-1 Braun,A (2594)-Engel,L (2557) German Masters 2022 (7)}) 13... c4 14. Bc2 b5 15. Bh4 Be7 $1 16. Ng3 g6 {[%emt 0:00:02] [#]} (16... Ne8 $5 17. Qh5 g6 18. Bxe7 Qxe7 $11) 17. Nf5 (17. Bg5 $1 $14 {stays ahead.}) 17... gxf5 $17 18. Bxf5 h6 (18... Qd6 $1 $17 {aiming for ...Bc8.} 19. Rf3 Bc8 20. Bxc8 Raxc8) 19. Rf3 $1 $11 Nh5 $1 (19... Ne4 20. Rh3 Bxh4 21. Qg4+ Bg5 22. Nxc6 Bxc6 23. Rxh6 $18) 20. Rh3 $1 Ng7 21. Qg4 $2 (21. Bf6 $1 $11 {and White is okay.} Bxf6 22. Bh7+ Kxh7 23. Qc2+ Kg8 24. Rxh6) 21... Bxh4 $19 22. Rxh4 Qf6 $2 ({Better is} 22... Nxe5 $19 23. fxe5 Bc8 (23... Qg5 24. Bh7+ Kh8 25. Qxg5 $19) 24. Bxc8 Qxc8) 23. Qg3 $1 $11 Nxe5 (23... Qxf5 $2 24. Ng4 Rfd8 (24... Qg6 $2 25. Nxh6+ $18) 25. Nxh6+ Kf8 26. Nxf5 Nxf5 27. Rh8+ Ke7 28. Qg5+ Ke6 29. Rh7 $18) 24. fxe5 Qg5 25. Rg4 $2 (25. Bh7+ $1 $11 Kh8 26. Bc2 Qxg3 27. Rxh6+ Kg8 28. Bh7+ Kh8 29. Be4+ Kg8 30. Bh7+ Kh8 31. Bc2+ Kg8 32. Bh7+) 25... Qxf5 $19 26. Rxg7+ Kh8 27. Rf1 {[%emt 0:00:00] [#]} Qh5 $1 28. h3 (28. Rg4 $142 Rg8 29. h3 Rxg4 30. hxg4) 28... Rg8 29. Rg4 (29. Rfxf7 $2 Qxf7 30. Rxf7 Rxg3 $19) 29... Rxg4 30. hxg4 {[%emt 0:00:07] [#]} Rg8 $1 31. Rf4 (31. gxh5 $142 Rxg3 32. Rxf7) 31... Rg7 32. Qf2 (32. gxh5 $142 Rxg3 33. Rxf7) 32... Qg6 $19 (32... Rxg4 33. Rxf7 Rg7 34. Rxg7 Kxg7 (34... Qd1+ 35. Kh2 $11) 35. Qf6+ Kh7 36. Qe7+ Kg8 37. Qd8+ (37. Qxb7 Qd1+ 38. Kh2 Qh5+ 39. Kg1 Qd1+ 40. Kh2 Qh5+ 41. Kg3 Qg6+ 42. Kh2 Qh5+ $11) 37... Kg7 38. Qf6+ Kg8 39. Qd8+ Kg7 40. Qd7+ Kg8 (40... Qf7 $2 41. e6 $18) 41. Qxb7 Qd1+ 42. Kf2 Qc2+ (42... Qd2+ 43. Kf3 $16) 43. Kf3 Qf5+ 44. Kg3 Qg6+ 45. Kh2 Qh5+ 46. Kg3 Qg6+ 47. Kh2 Qh5+ 48. Kg3 Qg6+ $11) 33. Rf6 $2 (33. Qh4 Qg5 34. Qxg5 hxg5 35. Rf6) 33... Qxg4 $19 34. Rb6 (34. Rxh6+ $142 Kg8 35. e6 fxe6 36. Rf6) 34... Bc8 $19 35. Rxh6+ Kg8 36. Rh4 Qf5 37. Qe2 Qb1+ 38. Kh2 Be6 (38... Qxa2 $2 {is the wrong capture.} 39. Qh5 Kf8 40. Qh8+ Rg8 41. Qh6+ Ke7 42. Qf6+ Ke8 43. Qc6+ Kd8 44. Qxd5+ Bd7 45. Qxf7 $18) 39. Qf2 Qg6 ({Stronger than} 39... Qxa2 40. Qf6 Rh7 (40... Qxb2 41. Qd8#) (40... Qa5 41. Rh5 $11) 41. Qd8+ Kg7 42. Qf6+ Kg8 43. Qg5+ Kh8 44. Qd8+ Kg7 45. Qg5+ Kh8 46. Qf6+ Kg8 $11) 40. a3 Bf5 41. g3 Be4 42. Qf4 Qf5 43. g4 Qxf4+ 44. exf4 Rh7 45. Rxh7 Kxh7 46. Kg3 a5 47. Kf2 b4 48. axb4 axb4 49. Ke2 c3 50. bxc3 b3 0-1

[Event "Romanian-ch Youth Open U20 2024"]
[Site "Eforie Nord"]
[Date "2024.04.19"]
[Round "9.2"]
[White "Coca, Cristi-Iulian"]
[Black "Serban, Cristian-Stefan"]
[Result "1/2-1/2"]
[ECO "C54"]
[WhiteElo "2235"]
[BlackElo "2282"]
[Annotator "TA"]
[PlyCount "91"]
[EventDate "2024.04.10"]
[EventType "swiss"]
[EventCountry "ROU"]
[SourceTitle "playchess.com"]
[Source "ChessBase"]
[SourceQuality "1"]
[TimeControl "5400+30"]

1. e4 e5 2. Nf3 Nc6 3. Bc4 Bc5 4. c3 Nf6 5. d3 a5 6. Nbd2 d6 7. Nf1 O-O 8. Ng3 Be6 9. Bxe6 fxe6 10. O-O Bb6 11. h3 a4 12. Re1 Qe8 13. Be3 Bxe3 14. Rxe3 Ne7 15. d4 exd4 16. cxd4 Nh5 17. Nxh5 Qxh5 18. Rc1 c6 19. Ne1 Qxd1 20. Rxd1 Ng6 21. g3 e5 22. Red3 Ra5 23. dxe5 Rxe5 24. Rd4 Rb5 (24... Rfe8 $11) 25. R1d2 $16 a3 26. bxa3 (26. b3 $16) 26... Rb1 27. Rd1 Rxd1 28. Rxd1 {[%emt 0:00:09][%mdl 4096] Endgame. KRN-KRN} Rd8 29. f4 {[%emt 0:04:28] Repels Ne5} Re8 30. Rxd6 Rxe4 31. Kf2 Nf8 32. Nf3 Re8 {[%emt 0:00:38] Against Rd8} 33. f5 Ra8 34. Rd3 g6 35. fxg6 hxg6 36. Rb3 Ra7 37. Ne5 Kg7 38. Rf3 Ra5 39. Nc4 {[%emt 0:01:20] White is more active.} Rc5 40. Nd6 Rc2+ 41. Kf1 {[%emt 0:02:16] The position is equal.} b5 42. Ne8+ Kg8 43. Nf6+ Kg7 44. Ne8+ Kg8 45. Nf6+ Kg7 46. Ne8+ {[%emt 0:00:23] Weighted Error Value: White=0.10 (very precise) /Black=0.10 (very precise) .  Mistake:       	White=1     	Black=1      Inaccurate:     	White=4     	Black=4      OK:         	White=11    	Black=17     Best:        	---       	Black=2} 1/2-1/2